Map: [ESL] Hardwire

Players

Spirit

  • Race: Terran Terran

Rogue - Winner!

  • Race: Zerg Zerg

Event: IEM Katowice 2022

VOD

Have the link to the VOD?

Description

Time

  • Played on: Feb. 24, 2022, 9:55 a.m.
  • Length: 9:34

All games in this series

Show
View Real Time Build Order
Export as new Build Order

Spirit Terran 

Build Orders: Reaper Expand 

Get SALT Encoding   

  12  0:00  SCV  
  13  0:12  SCV  
  14  0:17  Supply Depot  
  14  0:24  SCV  
  15  0:38  SCV  
  15  0:41  Barracks  
  16  0:45  Refinery  
  16  0:51  SCV  
  17  1:03  SCV  
  18  1:15  SCV  
  19  1:28  Reaper, Orbital Command  
  20  1:40  Command Center  
  20  1:49  Supply Depot  
  21  1:54  SCV  
  21  2:00  Marine  
  22  2:06  SCV  
  23  2:13  Factory  
  23  2:18  SCV  
  23  2:22  Barracks Reactor  
  24  2:30  SCV  
  25  2:42  SCV  
  25  2:43  Command Center  
  26  2:53  Orbital Command  
  26  2:54  SCV  
  29  3:05  Hellion  
  29  3:06  SCV, Hellion  
  29  3:09  Barracks Tech Lab  
  32  3:18  SCV  
  32  3:19  SCV  
  34  3:29  Command Center  
  34  3:31  SCV  
  34  3:32  SCV  
  36  3:38  Hellion  
  36  3:39  Hellion  
  36  3:41  Marine  
  40  3:43  Stimpack  
  40  3:47  SCV  
  42  3:53  SCV  
  44  3:56  Orbital Command  
  44  3:57  Supply Depot  
  44  3:59  SCV  
  44  4:05  SCV  
  44  4:06  Marine  
  44  4:08  Factory Reactor  
  46  4:11  Barracks  
  46  4:13  Barracks  
  46  4:14  SCV  
  47  4:17  SCV  
  47  4:22  SCV  
  47  4:24  Marine  
  49  4:25  Refinery  
  49  4:26  SCV  
  49  4:29  SCV  
  52  4:31  Starport  
  52  4:34  SCV  
  52  4:37  Refinery x2  
  52  4:38  SCV  
  53  4:41  SCV  
  53  4:42  Orbital Command  
  54  4:47  SCV  
  54  4:50  SCV  
  54  4:52  Factory Tech Lab  
  56  4:53  SCV  
  56  4:54  Supply Depot  
  57  5:02  Engineering Bay, Marine  
  57  5:03  Marine, Engineering Bay, Orbital Command  
  57  5:04  SCV  
  61  5:10  Starport Reactor  
  61  5:11  Marine x3, Siege Tank  
  61  5:13  SCV  
  67  5:15  SCV  
  67  5:19  SCV  
  67  5:20  Marine x2  
  71  5:22  Supply Depot  
  71  5:24  Combat Shield  
  71  5:26  SCV  
  72  5:28  SCV  
  72  5:29  SCV, Marine  
  72  5:31  Marine  
  72  5:34  Marine  
  77  5:38  SCV x2, Marine x2  
  81  5:43  SCV, Siege Tank  
  81  5:47  Marine  
  81  5:49  Marine  
  87  5:51  Barracks, Terran Infantry Armor Level 1  
  87  5:52  SCV, Marine  
  87  5:53  SCV, Barracks  
  87  5:56  Terran Infantry Weapons Level 1, Marine  
  87  5:57  Marine  
  91  6:01  SCV, Missile Turret  
  91  6:04  SCV, Bunker  
  94  6:07  Supply Depot  
  94  6:08  SCV  
  94  6:09  Supply Depot  
  94  6:10  Marine  
  94  6:11  Marine x2  
  98  6:14  Bunker  
  98  6:18  Bunker  
  98  6:21  Medivac  
  100  6:28  Medivac, Siege Tank  
  100  6:30  Supply Depot  
  100  6:32  Supply Depot x2, Marine  
  106  6:36  SCV  
  106  6:37  Sensor Tower  
  106  6:38  Marine x2  
  106  6:39  SCV  
  110  6:41  Barracks Reactor  
  110  6:42  Barracks Reactor  
  110  6:44  Marine x2  
  110  6:46  SCV  
  113  6:49  SCV  
  113  6:50  SCV  
  113  6:51  Medivac  
  113  6:52  SCV  
  118  6:57  Marine x3, Armory  
  118  6:59  SCV  
  122  7:01  Marine  
  122  7:03  Refinery x2  
  122  7:08  Siege Tank  
  126  7:11  Supply Depot, Marine  
  126  7:12  Supply Depot  
  126  7:15  Marine x3  
  130  7:18  Marine x2  
  130  7:19  Marine  
  132  7:23  Marine x2  
  132  7:29  Marine  
  135  7:32  Marine  
  135  7:33  Marine x2  
  135  7:35  Marine  
  135  7:36  Marine  
  138  7:37  Marine  
  138  7:41  Marine x2  
  135  7:46  Marine  
  135  7:50  Marine x3  
  118  7:53  SCV x3, Marine x2  
  118  7:55  Marine  
  118  7:57  SCV  
  96  7:59  Marine x2  
  96  8:04  Marine  
  89  8:08  Marine x3, Siege Tank  
  89  8:11  Marine x2  
  95  8:13  Marine  
  95  8:17  Marine x2  
  98  8:22  Marine  
  98  8:26  Marine x3  
  95  8:29  Marine x2  
  95  8:30  Marine  
  86  8:35  Marine x2  
  86  8:38  Orbital Command  
  86  8:40  Marine, Siege Tank  
  69  8:44  Marine x3  
  69  8:47  Marine x2  
  72  8:48  Marine  
  72  8:52  Marine  
  72  8:53  Marine  
  72  8:54  Medivac  
  76  8:55  Medivac  
  75  8:58  Marine  
  75  9:01  Marine  
  75  9:02  Marine x2  
  81  9:04  Marine  
  81  9:05  Marine  
  81  9:06  Marine  
  84  9:10  Marine x2  
  84  9:16  Marine  
Show
View Real Time Build Order
Export as new Build Order

Rogue Zerg - Winner!

Build Orders: Hatch First 

Get SALT Encoding   

  12  0:00  Drone  
  13  0:12  Overlord  
  13  0:17  Drone  
  14  0:30  Drone  
  14  0:31  Drone  
  16  0:48  Hatchery  
  15  0:51  Drone  
  15  0:54  Drone  
  17  0:58  Drone  
  18  1:08  Extractor  
  17  1:14  Spawning Pool  
  17  1:17  Drone  
  17  1:20  Drone  
  18  1:28  Drone  
  19  1:39  Drone  
  20  1:51  Drone  
  21  2:01  Queen x2  
  21  2:02  Zergling x4  
  27  2:12  Zergling x2  
  27  2:13  Overlord  
  28  2:23  Hatchery  
  28  2:25  Drone  
  28  2:31  Drone  
  28  2:33  Drone x2  
  31  2:41  Queen  
  33  2:45  Metabolic Boost  
  33  2:51  Overlord  
  33  2:53  Drone  
  33  2:57  Drone  
  33  2:58  Drone  
  36  3:12  Drone x2  
  38  3:13  Drone x3  
  38  3:17  Queen  
  38  3:19  Overlord  
  43  3:21  Drone  
  44  3:35  Queen, Overlord  
  44  3:36  Drone  
  44  3:37  Drone x2  
  49  3:42  Queen  
  49  3:46  Drone x2  
  53  3:50  Overlord  
  53  3:52  Drone x2  
  55  3:56  Queen  
  55  3:59  Drone  
  55  4:00  Drone  
  55  4:01  Drone  
  60  4:04  Drone x2  
  60  4:06  Drone  
  60  4:07  Drone  
  64  4:10  Overlord  
  64  4:13  Drone x2  
  64  4:16  Drone x2  
  68  4:18  Drone  
  68  4:19  Drone  
  70  4:24  Drone  
  70  4:26  Drone x2  
  70  4:30  Drone x3  
  76  4:35  Lair  
  76  4:37  Drone  
  76  4:38  Extractor  
  76  4:39  Extractor  
  76  4:40  Extractor  
  76  4:41  Evolution Chamber  
  76  4:42  Drone, Evolution Chamber  
  76  4:44  Overlord  
  76  4:45  Drone x3  
  76  4:48  Drone, Extractor x2  
  76  4:51  Drone  
  76  4:57  Overlord  
  76  4:58  Drone x2  
  76  4:59  Drone  
  79  5:01  Drone  
  79  5:04  Spore Crawler  
  79  5:06  Drone  
  79  5:07  Drone x4  
  82  5:12  Roach Warren  
  82  5:13  Drone  
  82  5:14  Spore Crawler  
  82  5:16  Drone  
  82  5:18  Spore Crawler, Zerg Ground Armor Level 1, Zerg Missile Weapons Level 1  
  82  5:19  Drone x2  
  84  5:23  Overlord  
  84  5:36  Drone, Overlord  
  84  5:39  Zergling x12  
  91  5:44  Overseer  
  91  5:46  Overlord  
  91  5:48  Hatchery  
  90  5:52  Overlord  
  90  5:55  Glial Reconstitution  
  90  5:57  Roach x6  
  96  5:59  Roach  
  96  6:03  Overlord  
  104  6:04  Roach  
  104  6:05  Roach  
  104  6:08  Roach x2  
  104  6:09  Roach  
  114  6:13  Roach x2  
  114  6:16  Roach x3  
  114  6:18  Roach  
  126  6:21  Overlord  
  126  6:24  Roach  
  128  6:31  Roach x5  
  138  6:35  Overlord  
  138  6:39  Overlord  
  138  6:41  Overlord  
  138  6:43  Overlord  
  138  6:46  Ravager x4  
  138  6:47  Ravager x4  
  146  6:49  Overlord  
  145  6:55  Roach  
  145  6:56  Overlord, Roach x3  
  145  6:57  Overlord  
  145  6:58  Overlord  
  153  7:01  Roach  
  153  7:02  Roach x2  
  153  7:06  Roach x2  
  153  7:07  Roach  
  165  7:09  Roach  
  165  7:12  Roach x2  
  171  7:18  Roach  
  171  7:20  Roach  
  177  7:22  Ravager  
  177  7:23  Ravager x3  
  177  7:25  Zergling x16  
  187  7:30  Roach x3  
  187  7:31  Roach  
  187  7:35  Roach x2  
  199  7:41  Roach  
  199  7:44  Roach  
  199  7:45  Roach  
  199  7:46  Roach  
  199  7:50  Roach x4  
  190  7:54  Roach x2  
  190  7:57  Roach x2  
  190  7:58  Roach  
  170  8:02  Roach  
  159  8:05  Roach  
  159  8:06  Roach x2  
  159  8:11  Roach x4  
  171  8:15  Roach x2  
  171  8:19  Roach x2  
  179  8:21  Roach  
  179  8:25  Roach  
  179  8:26  Roach  
  182  8:27  Roach  
  182  8:29  Roach  
  182  8:30  Roach  
  173  8:35  Roach x3  
  173  8:37  Roach  
  173  8:39  Roach  
  173  8:40  Roach  
  173  8:44  Roach x2, Zergling x2  
  173  8:45  Zergling x10  
  173  8:47  Overseer  
  183  8:50  Zergling x2  
  183  8:51  Zergling x4  
  183  8:52  Zergling x2  
  183  8:53  Zergling x2  
  188  9:03  Ravager x3  
  188  9:05  Zergling x16  
  188  9:07  Extractor  
  193  9:10  Zergling x2  
  193  9:13  Roach x4  
  198  9:25  Ravager  

Tags
 
Add a new tag
Caveats
  • Supply blocks, unpowered buildings, or Contaminate may cause inaccurate times.
  • Supply counts are checked every 10 seconds.